 Dungeon Crawl Stone Soup version 0.31-a0-237-g2d982f9f85 (webtiles) character file.

Game seed: 16295736751108323479

8244 qw the Marksminotaur (level 11, -4/99 HPs)
             Began as a Minotaur Hexslinger on July 11, 2023.
             Slain by a troll (10 damage)
             ... on level 10 of the Dungeon.
             The game lasted 00:03:53 (8588 turns).

qw the Marksminotaur (Minotaur Hexslinger)          Turns: 8588, Time: 00:03:54

Health: -4/99      AC:  3    Str: 13    XL:     11   Next: 7%
Magic:  11/11      EV: 20    Int: 10    God:
Gold:   450        SH:  0    Dex: 17    Spells: 11/12 levels left

rFire   . . .        Y - +0 orcbow
rCold   . . .        (shield currently unavailable)
rNeg    + . .        m - +5 leather armour of the Powerful God {rPois rN+ Will+}
rPois   +            (helmet restricted)
rElec   .            (no cloak)
rCorr   .            e - +2 pair of gloves
SInv    +            (no boots)
Will    +....        p - amulet of the acrobat
Stlth   +            g - +5 ring of evasion
HPRegen 0.36/turn    l - ring of see invisible
MPRegen 0.12/turn

%: acrobat
@: corroded
A: horns 2, retaliatory headbutt
a: no special abilities


You were on level 10 of the Dungeon.
You visited 2 branches of the dungeon, and saw 11 of its levels.

You collected 450 gold pieces.


Innate Abilities, Weirdness & Mutations

You have a pair of horns on your head.
You reflexively headbutt those who attack you in melee.


   Skills:
 - Level 10.0 Fighting
 - Level 15.0 Ranged Weapons
 - Level 2.0 Armour
 + Level 6.4 Dodging
 - Level 1.0 Spellcasting
 - Level 2.0 Hexes


You had 11 spell levels left.
You knew the following spells:

 Your Spells              Type           Power      Damage    Failure   Level
a - Slow                  Hex            16%        N/A       19%         1

Your spell library contained the following spells:

 Spells                   Type           Power      Damage    Failure   Level
 Inner Flame              Hex/Fire       2%         N/A       65%         3
 Portal Projectile        Hex/Tloc       4%         N/A       65%         3
 Cause Fear               Hex            2%         N/A       88%         4

Inventory:

Hand Weapons
 Y - a +0 orcbow (weapon)
Armour
 e - a +2 pair of gloves (worn)
 m - the +5 leather armour of the Powerful God (worn) {rPois rN+ Will+}
   (You found it on level 5 of the Dungeon)

   rPois:     It protects you from poison.
   rN:        It protects you from negative energy.
   Will:      It increases your willpower.
Jewellery
 g - a +5 ring of evasion (left hand)
 l - a ring of see invisible (right hand)
 n - the ring "Xarhupteob" {Will- rCorr Str+5}
   (You acquired it on level 4 of the Dungeon)

   [ring of resist corrosion]

   Str:       It affects your strength (+5).
   rCorr:     It protects you from acid and corrosion.
   Will:      It decreases your willpower.
 p - an amulet of the acrobat (around neck)
Scrolls
 c - a scroll of identify
 j - a scroll of fear {unknown}
Potions
 a - a potion of resistance
 d - a potion of mutation
 f - a potion of cancellation
 h - 3 potions of curing
 i - a potion of haste
 k - a potion of might
 q - a potion of heal wounds {unknown}

Dungeon Overview and Level Annotations

Branches:
Dungeon (10/15)            Temple (1/1) D:5             Orc (0/2) D:10
   Lair: D:8-11

Altars:
Ashenzari
Cheibriados
Dithmenos
Elyvilon
Fedhas
Gozag
Hepliaklqana
Kikubaaqudgha
Makhleb
Nemelex Xobeh
Okawaru
Qazlal
Ru
Sif Muna
Trog
Uskayaw
Vehumet
Wu Jian
Zin
The Shining One

Shops:
D:8 *

Annotations:
D:4 2 runed translucent doors
D:6 Prince Ribbit


Message History

You shoot an arrow. The arrow hits the acid dragon!!
You kill the acid dragon!
The acid dragon scales are intact enough to wear.
Your surroundings suddenly seem different. 2 orc priests, an orc wizard, 4 orcs and a troll come into view.
Found 36 gold pieces, two animal skins and a club.
Found a staircase to the Orcish Mines.
The orc priest shouts!
The orc shouts!
The orc wizard shouts!
The orc shouts! x3
You hear a shout! x2
An ogre comes into view. It is wielding a +0 giant club.
An orc comes into view. It is wielding a +0 whip.
An orc comes into view. It is wielding a +0 club.
The ogre shouts!
The troll shouts!
You hear a shout!
Enter note:
Enter note:
Enter note: You shoot an arrow.
The arrow hits the orc!
You kill the orc!
An orc priest comes into view. It is wielding a +0 mace.
The orc wizard gestures at you while chanting.
The puff of flame hits you!
An orc comes into view.
It is wielding a +0 short sword and wearing a +3 scale mail of poison resistance.
You shoot an arrow. The arrow hits the orc!
You kill the orc!
The orc priest invokes the aid of Beogh against you.
Pain shoots through your body!
You shoot an arrow. The arrow hits the ogre!
The ogre is moderately wounded.
The orc priest looks satisfied for a moment.
You shoot an arrow. The arrow hits the ogre.
The ogre is heavily wounded.
You shoot an arrow.
The arrow hits the ogre but does no damage.
The ogre is heavily wounded.
The ogre misses you. You furiously retaliate!
You headbutt the ogre! You shoot an arrow. The arrow hits the ogre!
You kill the ogre!
The orc priest closely misses you. The troll closely misses you.
You furiously retaliate!
You headbutt the troll. The troll claws you!
You die...

....#####...#..... ...##
##.......... ..
#........... .
#...........
#...........
##.......... ##...##...#
#####################.##
$...o.o@o)o.... .#
......o)T..o...
...o...oo......
.......[...)...
..>.....##.....
......... ...[.
......... .... #########
####


You could see a troll, 3 orc priests, an orc wizard and 5 orcs.

Vanquished Creatures
  A two-headed ogre (D:10)
  A gargoyle (D:8)
  A troll (D:10)
  Grinder (D:6)
  A hornet (D:6)
  A wraith (D:9)
  2 wyverns (D:9)
  13 yaks
  A vampire (D:10)
  3 vampire mosquitoes (D:5)
  Menkaure (D:5)
  4 steam dragons
  3 acid dragons (D:10)
  A water moccasin (D:7)
  A sky beast (D:6)
  An orc warrior (D:8)
  3 black bears
  An ice beast (D:6)
  2 ogres
  3 centaurs
  6 kobold brigands
  A phantom (D:5)
  A gnoll sergeant (D:9)
  Blork the orc (D:6)
  3 scorpions
  4 wights
  11 killer bees
  A hound (D:4)
  3 orc priests (D:7)
  A jelly (D:5)
  5 iguanas
  2 orc wizards (D:7)
  8 gnolls
  5 adders
  A shadow imp (D:6)
  A white imp (D:7)
  An ufetubus (D:7)
  A worm (D:3)
  5 dart slugs
  22 orcs
  6 bats
  3 endoplasms
  3 giant cockroaches
  14 goblins
  7 hobgoblins
  3 jackals (D:4)
  26 kobolds
  4 quokkas
  3 ball pythons
  5 frilled lizards
  2 rats
204 creatures vanquished.

Vanquished Creatures (others)
  2 two-headed ogres (D:10)
  An unseen horror (D:10)
  3 orc wizards (D:10)
  A kobold (D:9)
7 creatures vanquished.

Grand Total: 211 creatures vanquished

Notes
Turn   | Place    | Note
-------+----------+-------------------------------------------
     0 | D:1      | qw the Minotaur Hexslinger began the quest for the Orb.
     0 | D:1      | Reached XP level 1. HP: 16/16 MP: 1/1
     0 | D:1      | 0 ||| qw: Version: 0.3-a-52-g30416fa
     0 | D:1      | 0 ||| qw: Game counter: 5479
     0 | D:1      | 0 ||| qw: Melee chars always use a shield: true
     0 | D:1      | 0 ||| qw: God list: Okawaru
     0 | D:1      | 0 ||| qw: Allow faded altars: false
     0 | D:1      | 0 ||| qw: Do Orc after clearing Dungeon:15 true
     0 | D:1      | 0 ||| qw: Do second Lair branch before Depths: true
     0 | D:1      | 0 ||| qw: Lair rune preference: random
     0 | D:1      | 0 ||| qw: Goals: Normal
     0 | D:1      | 0 ||| PLANNING D:1-11
   115 | D:1      | 115 ||| FLEEEEING.
   122 | D:1      | 122 ||| FLEEEEING.
   143 | D:1      | 143 ||| SWAPPING to +1 heavy sling.
   144 | D:1      | 144 ||| DROPPING +1 sling.
   147 | D:1      | Reached skill level 3 in Ranged Weapons
   147 | D:1      | Reached XP level 2. HP: 23/23 MP: 2/2
   511 | D:1      | 511 ||| UPGRADING to +0 ring mail.
   521 | D:1      | 521 ||| DROPPING +0 robe.
   522 | D:1      | 522 ||| READING scroll labelled DUPLIU OJIKA.
   523 | D:1      | 523 ||| DROPPING scroll of poison.
   699 | D:2      | Identified the +8 dagger of the Volcano {drain, Stlth+}
   821 | D:2      | Reached XP level 3. HP: 27/29 MP: 3/3
   959 | D:2      | 959 ||| UPGRADING to +5 ring of evasion.
   960 | D:2      | 960 ||| READING scroll labelled MUOZIRGHEYN.
   964 | D:2      | 964 ||| READING scroll labelled JUZOGG IRURPH.
   965 | D:2      | 965 ||| READING scroll labelled GYFIWA XUITZOE.
  1006 | D:3      | Reached skill level 4 in Ranged Weapons
  1107 | D:3      | Found a faded altar of an unknown god.
  1247 | D:3      | Reached skill level 1 in Armour
  1427 | D:3      | Reached XP level 4. HP: 36/36 MP: 4/4
  1681 | D:3      | 1681 ||| READING 2 scrolls labelled FESCHE WUUFIA.
  1682 | D:3      | 1682 ||| DRINKING 2 murky grey potions.
  1933 | D:4      | Reached skill level 5 in Ranged Weapons
  2017 | D:4      | 2017 ||| Stepping ~*~*~tactically~*~*~ (outnumbered).
  2024 | D:4      | Reached XP level 5. HP: 42/42 MP: 5/5
  2027 | D:4      | Reached skill level 3 in Fighting
  2061 | D:4      | 2061 ||| FLEEEEING.
  2062 | D:4      | 2062 ||| FLEEEEING.
  2063 | D:4      | 2063 ||| FLEEEEING.
  2064 | D:4      | 2064 ||| FLEEEEING.
  2065 | D:4      | 2065 ||| FLEEEEING.
  2066 | D:4      | 2066 ||| FLEEEEING.
  2067 | D:4      | 2067 ||| FLEEEEING.
  2068 | D:4      | 2068 ||| FLEEEEING.
  2069 | D:4      | 2069 ||| FLEEEEING.
  2070 | D:4      | 2070 ||| FLEEEEING.
  2071 | D:4      | 2071 ||| FLEEEEING.
  2072 | D:4      | 2072 ||| FLEEEEING.
  2073 | D:4      | 2073 ||| FLEEEEING.
  2074 | D:4      | 2074 ||| FLEEEEING.
  2075 | D:4      | 2075 ||| FLEEEEING.
  2076 | D:4      | 2076 ||| FLEEEEING.
  2077 | D:4      | 2077 ||| FLEEEEING.
  2078 | D:4      | 2078 ||| FLEEEEING.
  2079 | D:4      | 2079 ||| FLEEEEING.
  2080 | D:4      | 2080 ||| FLEEEEING.
  2231 | D:4      | Found a large runed translucent door.
  2232 | D:4      | Found a large runed translucent door.
  2449 | D:4      | Reached skill level 6 in Ranged Weapons
  2484 | D:4      | Found a sacrificial altar of Ru.
  2644 | D:4      | 2644 ||| UPGRADING to ring of see invisible.
  2645 | D:4      | 2645 ||| READING scroll labelled ODOUCETRUMM.
  2645 | D:4      | Identified a scroll of acquirement
  2645 | D:4      | 2645 ||| ACQUIRING ring "Xarhupteob" {Will- rCorr Str+5}
  2645 | D:4      | Acquired the ring "Xarhupteob" {Will- rCorr Str+5}
  2647 | D:4      | 2647 ||| READING scroll labelled OQOGE LEWAOKH.
  2647 | D:4      | Found an iron altar of Okawaru.
  2647 | D:4      | Found a shimmering blue altar of Sif Muna.
  2648 | D:4      | 2648 ||| READING 2 scrolls of identify.
  2648 | D:4      | 2648 ||| IDENTIFYING smoky ruby potion
  2670 | D:5      | Entered Level 5 of the Dungeon
  2691 | D:5      | Identified the +5 leather armour of the Powerful God {rPois
                  | rN+ Will+}
  2705 | D:5      | Noticed a black bear
  2707 | D:5      | Reached XP level 6. HP: 52/52 MP: 6/6
  2718 | D:5      | Reached skill level 7 in Ranged Weapons
  2718 | D:5      | 2718 ||| FLEEEEING.
  2719 | D:5      | 2719 ||| FLEEEEING.
  2720 | D:5      | 2720 ||| FLEEEEING.
  2722 | D:5      | 2722 ||| FLEEEEING.
  2723 | D:5      | 2723 ||| FLEEEEING.
  2724 | D:5      | 2724 ||| FLEEEEING.
  2725 | D:5      | 2725 ||| FLEEEEING.
  2726 | D:5      | 2726 ||| FLEEEEING.
  2727 | D:5      | 2727 ||| FLEEEEING.
  2728 | D:5      | 2728 ||| FLEEEEING.
  2729 | D:5      | 2729 ||| FLEEEEING.
  2731 | D:5      | 2731 ||| FLEEEEING.
  2732 | D:5      | 2732 ||| FLEEEEING.
  2733 | D:5      | 2733 ||| FLEEEEING.
  2734 | D:5      | 2734 ||| FLEEEEING.
  2735 | D:5      | 2735 ||| FLEEEEING.
  2736 | D:5      | 2736 ||| FLEEEEING.
  2738 | D:5      | 2738 ||| FLEEEEING.
  2739 | D:5      | 2739 ||| FLEEEEING.
  2809 | D:5      | Found a staircase to the Ecumenical Temple.
  2810 | D:5      | 2810 ||| PLANNING TEMPLE
  2810 | D:5      | 2810 ||| UPGRADING to +5 leather armour of the Powerful God
                  | {rPois rN+ Will+}.
  2820 | D:5      | 2820 ||| DROPPING +0 ring mail.
  2825 | Temple   | Entered the Ecumenical Temple
  2851 | Temple   | 2851 ||| PLANNING D:1-11
  2907 | D:5      | 2907 ||| SWAPPING to +0 orcbow.
  2920 | D:5      | Reached XP level 7. HP: 59/59 MP: 7/7
  2920 | D:5      | 2920 ||| DROPPING +1 heavy sling.
  2928 | D:5      | Noticed Menkaure
  2933 | D:5      | Killed Menkaure
  2934 | D:5      | Reached skill level 8 in Ranged Weapons
  3237 | D:5      | 3237 ||| Stepping ~*~*~tactically~*~*~ (outnumbered).
  3555 | D:5      | 3555 ||| READING scroll labelled VOMAOS UTUY.
  3556 | D:5      | 3556 ||| READING 2 scrolls of identify.
  3556 | D:5      | 3556 ||| IDENTIFYING cyan potion
  3599 | D:6      | Noticed a vampire mosquito
  3601 | D:6      | Noticed a vampire mosquito
  3603 | D:6      | Noticed a vampire mosquito
  3604 | D:6      | 3604 ||| STAIRDANCE
  3620 | D:5      | HP: 14/61 [vampire mosquito (3)]
  3621 | D:5      | 3621 ||| READING 3 scrolls of teleportation.
  3622 | D:5      | Killed a vampire mosquito
  3799 | D:6      | 3799 ||| STAIRDANCE
  3805 | D:5      | Killed a vampire mosquito
  3806 | D:5      | Reached XP level 8. HP: 42/68 MP: 8/8
  3813 | D:5      | Reached skill level 9 in Ranged Weapons
  3904 | D:6      | Reached skill level 6 in Fighting
  4002 | D:6      | Noticed a hornet
  4008 | D:6      | Killed a hornet
  4009 | D:6      | Reached skill level 10 in Ranged Weapons
  4018 | D:6      | Noticed Prince Ribbit
  4035 | D:6      | HP: 17/70 [Prince Ribbit (13)]
  4036 | D:6      | 4036 ||| READING 2 scrolls of teleportation.
  4247 | D:6      | Noticed Grinder
  4254 | D:6      | Killed Grinder
  4421 | D:6      | Found a shadowy altar of Dithmenos.
  4454 | D:6      | Reached XP level 9. HP: 79/79 MP: 9/9
  4537 | D:6      | Noticed Blork the orc
  4552 | D:6      | Killed Blork the orc
  4764 | D:6      | 4764 ||| DRINKING 2 glowing grey potions.
  4765 | D:6      | 4765 ||| DROPPING potion of attraction.
  4873 | D:7      | 4873 ||| Stepping ~*~*~tactically~*~*~ (outnumbered).
  4875 | D:7      | 4875 ||| Stepping ~*~*~tactically~*~*~ (outnumbered).
  4877 | D:7      | 4877 ||| Stepping ~*~*~tactically~*~*~ (outnumbered).
  4878 | D:7      | 4878 ||| Stepping ~*~*~tactically~*~*~ (outnumbered).
  4892 | D:7      | Reached skill level 11 in Ranged Weapons
  5123 | D:7      | HP: 19/79 [orc priest/divine providence (14)]
  5124 | D:7      | 5124 ||| READING scroll of teleportation.
  5128 | D:7      | HP: 14/79 [poisoned by an orc wizard]
  5498 | D:7      | 5498 ||| UPGRADING to amulet of the acrobat.
  5503 | D:7      | 5503 ||| DRINKING 2 metallic amethyst potions.
  5504 | D:7      | 5504 ||| READING 3 scrolls of identify.
  5504 | D:7      | 5504 ||| IDENTIFYING red potion
  5505 | D:7      | 5505 ||| READING 2 scrolls of identify.
  5505 | D:7      | 5505 ||| IDENTIFYING coppery potion
  5506 | D:7      | 5506 ||| DROPPING potion of magic.
  5615 | D:8      | Found Gouno's Demolitions Depot.
  5763 | D:8      | 5763 ||| Stepping ~*~*~tactically~*~*~ (cloud).
  5775 | D:8      | Reached skill level 12 in Ranged Weapons
  5917 | D:8      | Found a flagged portal.
  5922 | D:8      | Identified the +7 hand axe "Duottahoro" {freeze, +Blink
                  | Str+3 Int+4 Dex-4}
  5956 | D:8      | HP: 11/81 [yak (14)]
  5957 | D:8      | 5957 ||| READING scroll of teleportation.
  5960 | D:8      | HP: 3/82 [yak (10)]
  6385 | D:8      | Noticed a gargoyle
  6386 | D:8      | Found a faded altar of an unknown god.
  6393 | D:8      | HP: 20/82 [gargoyle/stone arrow (15)]
  6402 | D:8      | Killed a gargoyle
  6584 | D:8      | Found a hazy altar of Hepliaklqana.
  6686 | D:9      | Reached skill level 13 in Ranged Weapons
  6686 | D:9      | Reached XP level 10. HP: 90/90 MP: 10/10
  6697 | D:9      | 6697 ||| FLEEEEING.
  6698 | D:9      | 6698 ||| FLEEEEING.
  6699 | D:9      | 6699 ||| FLEEEEING.
  6700 | D:9      | 6700 ||| FLEEEEING.
  6701 | D:9      | 6701 ||| FLEEEEING.
  6702 | D:9      | 6702 ||| FLEEEEING.
  6703 | D:9      | 6703 ||| FLEEEEING.
  6704 | D:9      | 6704 ||| FLEEEEING.
  6705 | D:9      | 6705 ||| FLEEEEING.
  6706 | D:9      | 6706 ||| FLEEEEING.
  6707 | D:9      | 6707 ||| FLEEEEING.
  6708 | D:9      | 6708 ||| FLEEEEING.
  6709 | D:9      | 6709 ||| FLEEEEING.
  6710 | D:9      | 6710 ||| STAIRDANCE
  6743 | D:9      | 6743 ||| STAIRDANCE
  6758 | D:8      | Reached skill level 9 in Fighting
  6910 | D:9      | 6910 ||| STAIRDANCE
  7084 | D:9      | Reached skill level 6 in Dodging
  7235 | D:9      | 7235 ||| FLEEEEING.
  7236 | D:9      | 7236 ||| FLEEEEING.
  7237 | D:9      | 7237 ||| FLEEEEING.
  7241 | D:9      | 7241 ||| STAIRDANCE
  7483 | D:9      | 7483 ||| FLEEEEING.
  7484 | D:9      | 7484 ||| FLEEEEING.
  7485 | D:9      | 7485 ||| FLEEEEING.
  7486 | D:9      | 7486 ||| FLEEEEING.
  7488 | D:9      | 7488 ||| FLEEEEING.
  7492 | D:9      | 7492 ||| FLEEEEING.
  7498 | D:9      | 7498 ||| FLEEEEING.
  7499 | D:9      | 7499 ||| FLEEEEING.
  7511 | D:9      | 7511 ||| FLEEEEING.
  7512 | D:9      | 7512 ||| FLEEEEING.
  7513 | D:9      | 7513 ||| FLEEEEING.
  7514 | D:9      | 7514 ||| FLEEEEING.
  7515 | D:9      | 7515 ||| FLEEEEING.
  7518 | D:9      | 7518 ||| FLEEEEING.
  7519 | D:9      | 7519 ||| FLEEEEING.
  7520 | D:9      | 7520 ||| FLEEEEING.
  7521 | D:9      | 7521 ||| FLEEEEING.
  7524 | D:9      | 7524 ||| FLEEEEING.
  7525 | D:9      | 7525 ||| STAIRDANCE
  7906 | D:9      | Reached skill level 14 in Ranged Weapons
  8073 | D:9      | 8073 ||| UPGRADING to +0 pair of gloves.
  8078 | D:9      | 8078 ||| READING 2 scrolls of enchant armour.
  8078 | D:9      | 8078 ||| ENCHANTING +0 pair of gloves.
  8079 | D:9      | 8079 ||| READING scroll of enchant armour.
  8079 | D:9      | 8079 ||| ENCHANTING +1 pair of gloves.
  8080 | D:9      | 8080 ||| READING 2 scrolls of identify.
  8080 | D:9      | 8080 ||| IDENTIFYING pink potion
  8104 | D:10     | Entered Level 10 of the Dungeon
  8116 | D:10     | Found a glowing golden altar of the Shining One.
  8116 | D:10     | Found a glowing silver altar of Zin.
  8116 | D:10     | Found a white marble altar of Elyvilon.
  8232 | D:10     | Killed a two-headed ogre
  8256 | D:10     | Killed a two-headed ogre
  8275 | D:10     | 8275 ||| FLEEEEING.
  8276 | D:10     | 8276 ||| FLEEEEING.
  8300 | D:10     | 8300 ||| FLEEEEING.
  8301 | D:10     | 8301 ||| STAIRDANCE
  8339 | D:9      | 8339 ||| READING 2 scrolls of identify.
  8339 | D:9      | 8339 ||| IDENTIFYING glowing yellow potion
  8340 | D:9      | 8340 ||| DROPPING potion of ambrosia.
  8343 | D:10     | 8343 ||| STAIRDANCE
  8421 | D:10     | 8421 ||| STAIRDANCE
  8464 | D:10     | Noticed a two-headed ogre
  8474 | D:10     | Killed a two-headed ogre
  8475 | D:10     | Reached skill level 15 in Ranged Weapons
  8475 | D:10     | Reached XP level 11. HP: 72/99 MP: 11/11
  8480 | D:10     | 8480 ||| FLEEEEING.
  8488 | D:10     | 8488 ||| STAIRDANCE
  8578 | D:10     | HP: 24/99 [acid dragon (11)]
  8579 | D:10     | 8579 ||| READING scroll of teleportation.
  8582 | D:10     | Found a staircase to the Orcish Mines.
  8583 | D:10     | HP: 7/99 [orc wizard/puff of flame (10)]
  8588 | D:10     | Slain by a troll

Levels and vault maps discovered:
D:1:      minmay_arrival_stone_box, layout_rooms, nrook_loot_triangle
D:2:      layout_rooms, minmay_tromino_v4_c
D:3:      layout_loops_ring, ebering_ecumenical_altar_abandoned,
          lightli_corner_chamber
D:4:      layout_basic, mainiacjoe_overflow_tiny_flanked, jmf_multi_god_temple2,
          dreamdust_wishing_well
D:5:      layout_loops_cross, minmay_temple_entry_sparse_star, uniq_menkaure
D:6:      layout_basic, grunt_dithmenos_smoke, minivault_27, minmay_misc_feat_x,
          uniq_grinder, uniq_prince_ribbit1, uniq_blork_the_orc
D:7:      kennysheep_spiral_hall, layout_rooms
D:8:      layout_gridville, beargit_hepliaklqana_dungeon_heroes, enter_bailey_2,
          minmay_misc_feat_pillars, nicolae_blasting_shop,
          kennysheep_generic_room_12
D:9:      layout_loops_ring, hangedman_corner_corridor
D:10:     layout_rooms, good_gods_mini_temple, xom_confusion_cloud,
          lemuel_mausoleum_altar_yredelemnul, erik_orc_1
Temple:   nicolae_temple_ecumenical_triangle

Skill      XL: |  1  2  3  4  5  6  7  8  9 10 |
---------------+-------------------------------+-----
Ranged Weapons | 3 4 5 6 7 8 10 13 15 | 15.0
Fighting       | 2 4 5 7 8 10 | 10.0
Armour         | 1 2 |  2.0
Dodging        | 4 5 6 |  6.4
Spellcasting   | |  1.0
Hexes          | |  2.0

Action                     |  1- 3 |  4- 6 |  7- 9 | 10-12 || total
---------------------------+-------+-------+-------+-------++-------
   Fire: Sling             |    96 |    89 |       |       ||   185
         Orcbow            |       |    12 |   342 |   265 ||   619
    Use: Scroll            |     4 |     4 |     8 |     5 ||    21
         Potion            |       |     1 |     2 |       ||     3
 Armour: Robe              |     1 |       |       |       ||     1
         Ring mail         |    17 |    17 |       |       ||    34
         Leather armour    |       |     3 |    39 |    37 ||    79
  Dodge: Dodged            |    39 |    68 |   204 |   163 ||   474

Table legend:
 A = Non-vault XP
 B = Vault XP
 C = Vault XP percentage of total XP
 D = Non-vault monster count
 E = Vault monster count
 F = Vault count percentage of total count
                 A         B        C        D         E       F
            +---------+---------+-------+---------+---------+-------
      Total |    7817 |    4074 |  34.3 |     176 |      28 |  13.7
            +---------+---------+-------+---------+---------+-------
        D:1 |      28 |       0 |   0.0 |      14 |       0 |   0.0
        D:2 |      19 |       2 |   9.5 |      12 |       2 |  14.3
        D:3 |      68 |       0 |   0.0 |      18 |       0 |   0.0
        D:4 |     219 |       0 |   0.0 |      28 |       0 |   0.0
        D:5 |    1162 |     172 |  12.9 |      16 |       1 |   5.9
        D:6 |    1040 |     375 |  26.5 |      17 |       2 |  10.5
        D:7 |     534 |     330 |  38.2 |      18 |       4 |  18.2
        D:8 |    1876 |     442 |  19.1 |      16 |       1 |   5.9
        D:9 |    1313 |    1164 |  47.0 |      30 |       9 |  23.1
       D:10 |    1558 |    1589 |  50.5 |       7 |       9 |  56.2
            +---------+---------+-------+---------+---------+-------
